AoeStats
← MylordSoares

Arena

509721025Analyzed
4v4 RM · 3d ago on Sep 27, 2026· 78m 14s· 8 players
Game mode
Random Map
Map size
Large (8 player)
Population
200
Speed
Normal
Resources
Standard
Victory
Conquest
Starting age
Dark Age
Ending age
Imperial Age
RankedLock teamsTeams togetherTeam positionsShared explorationLock speedFull tech treeHidden civsTurbo modeCheats
Victory
Defeat
🇧🇷 Huns · Brazil
1047
+14
🇧🇷 Danes · Brazil
1035
+15
🇫🇷 Poles · France
1027
+15
🇧🇷 Khmer · Brazil
865
+22
🇳🇱 Hindustanis · Netherlands
1077
-19
🇫🇷 Turks · France
1004
-17
🇫🇷 Khmer · France
1001
-16
🇹🇷 Magyars · Türkiye
939
-14
francis le tueur
12:20 Feudal Age
14:38 Double-Bit Axe
14:35 Horse Collar
14:47 Gold Mining
17:31 Castle Age
21:49 Imperial Age
19:59 Padded Archer Armor
21:17 Leather Archer Armor
23:05 Ring Archer Armor
25:13 Ballistics
27:15 Squires
27:53 Fortified Wall
27:54 Masonry
27:39 Heated Shot
28:37 Arson
29:50 Wheelbarrow
31:36 Forging
31:32 Scale Barding Armor
31:31 Scale Mail Armor
32:24 Heavy Plow
32:40 Bow Saw
32:50 Treadmill Crane
37:37 Architecture
Serthirius
10:02 Feudal Age
12:06 Double-Bit Axe
14:54 Castle Age
13:23 Horse Collar
20:42 Wheelbarrow
20:53 Heavy Plow
22:25 Hand Cart
22:18 Gold Mining
22:19 Stone Mining
25:21 Loom
25:22 Town Watch
25:51 Forging
25:47 Scale Barding Armor
29:11 Imperial Age
27:03 Bow Saw
27:33 Gold Shaft Mining
27:33 Stone Shaft Mining
27:35 Town Patrol
28:15 Iron Casting
29:16 Grand Trunk Road
30:36 Conscription
30:17 Shatagni
30:32 Heavy Camel Rider
31:12 Husbandry
31:23 Bloodlines
31:54 Imperial Camel Rider
33:52 Chemistry
32:59 Siege Engineers
35:24 Caravan
37:47 Blast Furnace
37:08 Chain Barding Armor
36:39 Fletching
36:50 Padded Archer Armor
40:35 Masonry
40:36 Fortified Wall
40:22 Murder Holes
44:58 Plate Barding Armor
44:19 Bodkin Arrow
44:39 Leather Archer Armor
51:43 Bracer
Pearlie
5:29 Loom
10:23 Feudal Age
11:05 Double-Bit Axe
15:31 Castle Age
13:34 Horse Collar
21:19 Wheelbarrow
21:23 Bow Saw
21:53 Heavy Plow
23:14 Hand Cart
23:40 Stone Mining
23:46 Gold Mining
25:16 Fletching
25:32 Scale Barding Armor
25:28 Padded Archer Armor
26:39 Gold Shaft Mining
25:57 Treadmill Crane
26:51 Thumb Ring
26:50 Husbandry
28:00 Ballistics
27:51 Masonry
29:57 Chain Barding Armor
29:32 Bodkin Arrow
29:53 Leather Archer Armor
30:17 Bloodlines
31:13 Corvinian Army
35:34 Imperial Age
32:52 Town Watch
36:59 Plate Barding Armor
36:54 Ring Archer Armor
36:24 Bracer
36:52 Parthian Tactics
38:35 Chemistry
37:03 Elite Magyar Huszar
38:05 Conscription
39:06 Two-Man Saw
38:37 Crop Rotation
38:22 Recurve Bow
41:09 Hoardings
40:36 Murder Holes
40:15 Heavy Cavalry Archer
ploumy
6:51 Loom
10:30 Feudal Age
14:06 Castle Age
12:06 Double-Bit Axe
14:44 Wheelbarrow
18:35 Horse Collar
18:52 Horse Collar
21:02 Bow Saw
21:54 Heavy Plow
23:29 Hand Cart
23:01 Town Watch
28:00 Imperial Age
26:08 Scale Barding Armor
26:14 Forging
26:33 Husbandry
26:44 Bloodlines
27:33 Town Patrol
27:27 Light Cavalry
28:31 Chain Barding Armor
28:47 Iron Casting
29:44 Elite Battle Elephant
31:32 Plate Barding Armor
31:00 Tusk Swords
32:04 Blast Furnace
mathmerle29
11:05 Feudal Age
13:05 Wheelbarrow
15:28 Castle Age
16:08 Loom
16:41 Double-Bit Axe
19:33 Bow Saw
20:09 Bloodlines
22:26 Scale Barding Armor
27:53 Chain Barding Armor
30:51 Imperial Age
28:45 Forging
30:35 Szlachta Privileges
31:32 Iron Casting
31:39 Wheelbarrow
31:24 Cavalier
34:18 Scale Mail Armor
33:42 Pikeman
35:22 Hand Cart
36:29 Blast Furnace
36:50 Chain Mail Armor
40:21 Plate Mail Armor
46:28 Fletching
60:50 Capped Ram
62:20 Siege Ram
71:57 Squires
MylordSoares
12:46 Feudal Age
15:01 Double-Bit Axe
14:58 Horse Collar
19:12 Castle Age
18:03 Gold Mining
18:04 Stone Mining
20:37 Bow Saw
20:34 Heavy Plow
22:40 Gold Shaft Mining
24:44 Stone Shaft Mining
29:28 Imperial Age
30:20 Double Crossbow
31:15 Caravan
32:34 Crop Rotation
36:43 Chemistry
38:17 Onager
40:47 Heavy Scorpion
47:07 Elite Ballista Elephant
52:46 Fortified Wall
55:33 Light Cavalry
56:23 Bloodlines
56:14 Husbandry
60:17 Scale Barding Armor
60:13 Scale Mail Armor
60:23 Forging
65:17 Hussar
M1rc0ss_
14:02 Feudal Age
17:56 Castle Age
16:02 Double-Bit Axe
16:00 Horse Collar
17:16 Gold Mining
17:17 Stone Mining
20:24 Loom
24:21 Wheelbarrow
25:32 Wheelbarrow
26:50 Gold Shaft Mining
26:17 Heavy Plow
26:35 Bow Saw
27:45 Hand Cart
27:58 Marauders
28:16 Forging
28:11 Scale Barding Armor
30:09 Iron Casting
29:37 Husbandry
29:47 Bloodlines
32:34 Imperial Age
30:45 Chain Barding Armor
32:39 Elite Tarkan
34:28 Blast Furnace
34:10 Plate Barding Armor
42:49 Light Cavalry
44:21 Pikeman
45:01 Squires
44:47 Arson
45:06 Scale Mail Armor
45:08 Halberdier
46:24 Hussar
73:59 Capped Ram
74:55 Siege Ram
Sesiom
11:20 Feudal Age
17:02 Castle Age
15:30 Double-Bit Axe
17:48 Squires
17:33 Arson
17:53 Scale Mail Armor
19:22 Horse Collar
22:19 Elite Skirmisher
23:49 Forging
26:29 Fletching
27:40 Padded Archer Armor
27:47 Heavy Plow
30:05 Iron Casting
32:10 Chain Mail Armor
32:28 Bodkin Arrow
33:12 Ballistics
33:30 Leather Archer Armor
33:08 Loom
34:27 Hamask
35:16 Thumb Ring
35:39 Gold Mining
36:02 Bow Saw
40:11 Gold Shaft Mining
39:26 Stone Mining
43:53 Imperial Age
63:06 Conscription
65:14 Blast Furnace
64:45 Plate Mail Armor
66:06 Elite Varangian Guard
74:11 Elite Jomsviking
76:58 Cranequins
Connection lost

Rejoining the realm…

Still unreachable

The connection could not be restored.

Session expired

The server has moved on; the page needs a fresh start.